 Dungeon Crawl Stone Soup version 0.21.0-24-g2553a33 (webtiles) character file.

14189 Moloch the Impaler (level 12, -4/100 HPs)
             Began as a Merfolk Fighter on Jan 21, 2018.
             Was a High Priest of Okawaru.
             Splashed by a brown ugly thing's acid (8 damage)
             ... on level 11 of the Dungeon.
             The game lasted 00:26:42 (13481 turns).

Moloch the Impaler (Merfolk Fighter)               Turns: 13481, Time: 00:26:42

Health: -4/100     AC:  6    Str: 22    XL:     12   Next: 13%
Magic:  4/12       EV: 15    Int:  7    God:    Okawaru [*****.]
Gold:   372        SH:  0    Dex: 18    Spells: 11/11 levels left

rFire    . . .     SeeInvis .   l - +1 halberd
rCold    . . .     Gourm    .   (shield currently unavailable)
rNeg     . . .     Faith    +   v - +3 ring mail {rC+}
rPois    .         Spirit   .   B - +2 hat
rElec    .         Reflect  .   A - scarf {cloud immunity}
rCorr    .         Harm     .   M - +0 pair of gloves
MR       .....                  s - +0 pair of boots
Stlth    +++.......             O - amulet of the Cockroach {Faith rC- Str+5 Stlth+}
HPRegen  0.26/turn              n - ring of wizardry
MPRegen  0.13/turn              (no ring)

@: heroism, finesse, corroded
A: change form in water, swift swim, stealthy swim
a: Heroism, Finesse, Renounce Religion


You were on level 11 of the Dungeon.
You worshipped Okawaru.
Okawaru was extremely pleased with you.
You were not hungry.

You visited 1 branch of the dungeon, and saw 11 of its levels.
You also visited: Labyrinth.

You collected 792 gold pieces.
You spent 420 gold pieces at shops.

Inventory:

Hand Weapons
 l - a +1 halberd (weapon)
Armour
 s - a +0 pair of boots (worn)
 v - a +3 ring mail of cold resistance (worn)
 A - a scarf of cloud immunity (worn)
 B - a +2 hat (worn)
 E - a +4 scale mail of poison resistance
 M - a +0 pair of gloves (worn)
Jewellery
 n - a ring of wizardry (left hand)
 F - an uncursed ring of ice
 I - a +4 amulet of reflection
 K - an uncursed ring of ice
 L - an uncursed amulet of regeneration
 O - the amulet of the Cockroach (around neck) {Faith rC- Str+5 Stlth+}
   (You found it in a labyrinth)

   [amulet of faith]

   It allows you to gain divine favour quickly.
   It affects your strength (+5).
   It makes you vulnerable to cold.
   It makes you more stealthy.
Wands
 w - a wand of polymorph (15)
Scrolls
 a - a scroll of random uselessness {unknown}
 b - 2 scrolls of fear
 h - 4 scrolls of teleportation
 i - 6 scrolls of enchant weapon
 m - 2 scrolls of magic mapping
 o - a scroll of amnesia
 p - 8 scrolls of remove curse
 q - 3 scrolls of noise {unknown}
 y - a scroll of blinking
 z - a scroll of enchant armour
 C - 3 scrolls of immolation
 G - a scroll of fog
 J - 2 scrolls of identify
 N - a scroll of silence {unknown}
Potions
 c - 2 potions of mutation
 d - a potion of might
 e - 2 potions of lignification {unknown}
 g - a potion of cancellation
 j - 4 potions of curing
 k - 4 potions of flight
 r - a potion of agility {unknown}
 t - 5 potions of haste {unknown}
 x - a potion of resistance
 H - a potion of heal wounds
Books
 u - a Young Poisoner's Handbook

   Spells                             Type                      Level
   a - Sting                          Conjuration/Poison           1
   b - Poisonous Vapours              Poison/Air                   2
   c - Mephitic Cloud                 Conjuration/Poison/Air       3
   d - Olgreb's Toxic Radiance        Poison                       4
   e - Venom Bolt                     Conjuration/Poison           5
Comestibles
 f - 22 rations


   Skills:
 + Level 11.3(16.3) Fighting
 * Level 20.8(25.8) Polearms
 * Level 2.5(7.5) Armour
 * Level 1.4(6.4) Dodging
   Level 3.0(8.0) Shields


You had 11 spell levels left.
You didn't know any spells.

Dungeon Overview and Level Annotations

Branches:
Dungeon (11/15)            Temple (0/1) D:6            Lair (0/6) D:8
    Orc: D:9-12

Altars:
Dithmenos
Okawaru
Trog
Wu Jian
Xom
Yredelemnul
Zin
Beogh

Shops:
D:10 =

Annotations:
D:11 exclusion: hydra


Message History

You are too injured to fight recklessly!
You slice the brown ugly thing!!
The brown ugly thing is moderately wounded.
You hit the brown ugly thing.
The brown ugly thing is heavily wounded.
You slice the brown ugly thing!!
The brown ugly thing is severely wounded.
The brown ugly thing pecks you!
* * * LOW HITPOINT WARNING * * *
You are splashed with acid!
The acid burns!
* * * LOW HITPOINT WARNING * * *
The red ugly thing basks in the mutagenic energy from its kin and changes!
You closely miss the brown ugly thing.
The brown ugly thing is severely wounded.
You closely miss the brown ugly thing.
The brown ugly thing is severely wounded.
The brown ugly thing pecks you!
* * * LOW HITPOINT WARNING * * *
You are splashed with acid!
The acid burns!
You die...

.##.#.........##..#.# *...
.##...........##..#.############'
.####.........##....#............
...##.........'.o................
.#.##.........##u#..#............
.#.##.........##u##>+............
.#.##.........##o####............
.#......#.######u# #............
.#..#####.######@##########.##'##
....# #.............# #.##.#
...####.#.######.##.#######.##.#
.<....#.#......#.##.#....)..##.#
#####.#.##.###.#.##.#.########.#
>.....#....# #.#.##.#.#........#
##########.# #.#.##.#[#.########
#.# #.#.##...#.# #.# #..........#


You could see 3 ugly things, an orc warrior and an orc.

Vanquished Creatures
  A minotaur (Lab)
  The ghost of kegs the Cleaver, a journeyman HOFi of Okawaru (D:9)
  2 two-headed ogres (D:11)
  A tengu warrior (D:11)
  A tengu conjurer (D:10)
  3 trolls
  A hornet (D:7)
  The ghost of Daviar the Distorting Octopus, an amateur OpAK of Lugonu (D:4)
  3 hippogriffs
  2 wyverns
  6 yaks
  Grum (D:8)
  2 basilisks
  3 chaos spawn (D:10)
  A hungry ghost (D:8)
  Menkaure (D:4)
  Edmund (D:4)
  A water moccasin (D:5)
  5 orc warriors
  3 sky beasts
  2 black bears
  A necrophage (D:6)
  4 ice beasts
  2 phantoms
  4 wolves (D:8)
  9 centaurs
  9 ogres
  A crocodile (D:8)
  2 big kobolds (D:9)
  Blork the orc (D:4)
  4 bullfrogs
  An earth elemental (Lab)
  A gnoll sergeant (D:11)
  A water moccasin zombie (D:8)
  3 scorpions
  4 killer bees (D:11)
  10 wights
  3 crimson imps
  3 jellies
  2 hounds (D:11)
  8 orc priests
  A gnoll shaman (D:7)
  3 centaur skeletons
  2 bullfrog skeletons (D:5)
  5 iguanas
  10 orc wizards
  8 worker ants
  A hound skeleton (D:8)
  A howler monkey zombie (D:10)
  11 gnolls
  10 adders
  A shadow imp (D:10)
  An adder skeleton (D:8)
  A worm (D:5)
  3 dart slugs
  6 leopard geckos
  56 orcs
  8 bats
  11 giant cockroaches
  4 goblins
  5 hobgoblins
  18 jackals
  11 kobolds
  4 quokkas
  2 ball pythons
  2 frilled lizards
  A leopard gecko skeleton (D:9)
  A quokka skeleton (D:6)
  7 rats
309 creatures vanquished.

Notes
Turn   | Place    | Note
-------+----------+-------------------------------------------
     0 | D:1      | Moloch the Merfolk Fighter began the quest for the Orb.
     0 | D:1      | Reached XP level 1. HP: 18/18 MP: 1/1
   144 | D:1      | Reached XP level 2. HP: 13/24 MP: 2/2
   390 | D:1      | Reached skill level 4 in Polearms
   634 | D:1      | Reached XP level 3. HP: 27/30 MP: 3/3
   909 | D:1      | Reached skill level 5 in Polearms
  1074 | D:1      | Reached XP level 4. HP: 14/37 MP: 4/4
  1431 | D:2      | Found a shadowy altar of Dithmenos.
  1746 | D:2      | Reached skill level 6 in Polearms
  2004 | D:3      | Found a basalt altar of Yredelemnul.
  2006 | D:3      | Found an iron altar of Okawaru.
  2006 | D:3      | Found a bloodstained altar of Trog.
  2007 | D:3      | Found a shimmering altar of Xom.
  2007 | D:3      | Found an ornate altar of the Wu Jian Council.
  2019 | D:3      | Became a worshipper of Warmaster Okawaru
  2033 | D:3      | Noticed an ogre
  2037 | D:3      | Killed an ogre
  2037 | D:3      | Reached skill level 7 in Polearms
  2037 | D:3      | Reached XP level 5. HP: 15/43 MP: 5/5
  2615 | D:4      | Reached XP level 6. HP: 17/49 MP: 6/6
  2646 | D:4      | Reached skill level 8 in Polearms
  2808 | D:4      | Noticed Edmund
  2819 | D:4      | Killed Edmund
  3023 | D:4      | Noticed Blork the orc
  3034 | D:4      | Killed Blork the orc
  3034 | D:4      | Reached * piety under Okawaru
  3034 | D:4      | Reached skill level 9 in Polearms
  3034 | D:4      | Reached XP level 7. HP: 17/55 MP: 7/7
  3555 | D:4      | Reached skill level 5 in Fighting
  3555 | D:4      | Reached skill level 10 in Polearms
  4003 | D:4      | Noticed Menkaure
  4013 | D:4      | Killed Menkaure
  4013 | D:4      | Reached skill level 11 in Polearms
  4016 | D:4      | Noticed Daviar's ghost (amateur OpAK)
  4033 | D:4      | Killed Daviar's ghost
  4033 | D:4      | Reached ** piety under Okawaru
  4033 | D:4      | Reached XP level 8. HP: 59/63 MP: 8/8
  4099 | D:5      | Entered Level 5 of the Dungeon
  4195 | D:5      | Reached skill level 12 in Polearms
  4596 | D:5      | Reached skill level 13 in Polearms
  4940 | D:6      | Found a staircase to the Ecumenical Temple.
  4972 | D:5      | Reached *** piety under Okawaru
  4972 | D:5      | Reached skill level 14 in Polearms
  4972 | D:5      | Reached XP level 9. HP: 42/69 MP: 9/9
  5526 | D:6      | Found a glowing silver altar of Zin.
  5996 | D:6      | Reached skill level 15 in Polearms
  6296 | D:7      | Reached **** piety under Okawaru
  6655 | D:7      | Noticed a hornet
  6665 | D:7      | Killed a hornet
  6665 | D:7      | Reached skill level 16 in Polearms
  7492 | D:7      | Received a gift from Okawaru
  7510 | D:8      | Reached XP level 10. HP: 75/79 MP: 10/10
  7635 | D:8      | Reached skill level 17 in Polearms
  7904 | D:8      | Noticed Grum
  8380 | D:8      | Killed Grum
  8638 | D:8      | Found a staircase to the Lair.
  8977 | D:9      | Reached skill level 18 in Polearms
  9126 | D:9      | Noticed kegs's ghost (journeyman HOFi)
  9382 | D:9      | Killed kegs's ghost
  9382 | D:9      | Reached ***** piety under Okawaru
  9949 | D:9      | Reached XP level 11. HP: 89/89 MP: 11/11
 10359 | D:10     | Entered Level 10 of the Dungeon
 10371 | D:10     | Found a shimmering altar of Xom.
 10372 | D:10     | Found the +14 mace of Variability {chaos}
 10604 | D:10     | Reached skill level 19 in Polearms
 10972 | D:10     | Reached skill level 10 in Fighting
 11909 | D:10     | Found Xobun's Jewellery Shoppe.
 11915 | D:10     | Bought an uncursed amulet of regeneration for 420 gold pieces
 12021 | D:10     | Received a gift from Okawaru
 12032 | D:10     | Got a pair of spiked gloves {god gift}
 12038 | D:10     | Identified the +0 pair of gloves of Sixuixuc {Int+5 Slay-4} (Okawaru gifted it to you on level 10 of the Dungeon)
 12091 | D:10     | Found a roughly hewn altar of Beogh.
 12203 | D:11     | Noticed a brown ugly thing
 12203 | D:11     | Noticed a two-headed ogre
 12284 | D:11     | Found a labyrinth entrance.
 12292 | Lab      | Entered a labyrinth
 12479 | Lab      | Noticed a minotaur
 12488 | Lab      | Killed a minotaur
 12488 | Lab      | Reached skill level 20 in Polearms
 12510 | Lab      | Got a coiled garnet amulet
 12512 | Lab      | Identified the amulet of the Cockroach {Faith rC- Str+5 Stlth+} (You found it in a labyrinth)
 12550 | D:11     | Noticed a two-headed ogre
 12558 | D:11     | Killed a two-headed ogre
 12590 | D:11     | Noticed a tengu warrior
 12602 | D:11     | Killed a tengu warrior
 12658 | D:11     | Reached XP level 12. HP: 100/100 MP: 12/12
 12999 | D:11     | Noticed a six-headed hydra
 13388 | D:11     | Killed a two-headed ogre
 13388 | D:11     | Reached skill level 1 in Dodging
 13481 | D:11     | HP: 4/100 [brown ugly thing (8)]
 13481 | D:11     | Splashed by a brown ugly thing's acid

Skill      XL: |  1  2  3  4  5  6  7  8  9 10 11 12 |
---------------+-------------------------------------+-----
Polearms       | 4 5 7 9 11 14 16 18 20 | 20.8
Fighting       | 4 5 6 7 9 11 | 11.3
Dodging        | 1 |  1.4
Armour         | |  2.5
Shields        | |  3.0

Action                   |  1- 3 |  4- 6 |  7- 9 | 10-12 || total
-------------------------+-------+-------+-------+-------++-------
Melee: Trident           |   108 |     4 |       |       ||   112
       Halberd           |       |   141 |   353 |   652 ||  1146
       Tailslap          |       |       |     2 |       ||     2
Invok: Heroism           |       |       |     1 |    15 ||    16
       Finesse           |       |       |       |     2 ||     2
Evoke: Wand              |       |       |       |     6 ||     6
  Use: Scroll            |       |       |       |    15 ||    15
       Potion            |       |       |       |     1 ||     1
 Stab: Distracted        |       |       |     1 |     3 ||     4
  Eat: Chunk             |     1 |     6 |    13 |    42 ||    62
Armor: Scale mail        |    45 |    42 |       |       ||    87
       Ring mail         |       |     6 |   109 |   161 ||   276
Dodge: Dodged            |    32 |    60 |   137 |   197 ||   426
Block: Shield            |    62 |     2 |       |       ||    64
